 Dungeon Crawl Stone Soup version 0.30-a0-743-gbfdf073431 (webtiles) character file.

Game seed: 18101479575725377595

129458 pokeman the Sorcerer (level 16, -22/87 HPs)
             Began as a Deep Elf Hedge Wizard on Feb 5, 2023.
             Was the Champion of Vehumet.
             Annihilated by a +2 broad axe of distortion (25 damage)
             ... on level 1 of the Elven Halls.
             The game lasted 01:47:55 (32509 turns).

pokeman the Sorcerer (Deep Elf Hedge Wizard)       Turns: 32509, Time: 01:47:55

Health: -22/87     AC: 14    Str:  7    XL:     16   Next: 50%
Magic:  13/54      EV: 13    Int: 29    God:    Vehumet [******]
Gold:   3206       SH: 13    Dex: 20    Spells: 18/61 levels left

rFire   + + .      SeeInvis .    q - staff of fire
rCold   x x .      Faith    .    J - +2 buckler
rNeg    . . .      Spirit   .    N - +0 steam dragon scales
rPois   +          Reflect  +    L - +2 hat
rElec   .          Harm     .    e - +1 cloak of Death Resistance {Dex+4 Stlth+}
rCorr   +          Rampage  .    j - +0 pair of gloves "Leimmu Werur" {rPois rC- rCorr Int-3}
Will    +....                    s - +1 pair of boots of Yvaczukhafeg {Dex+2}
Stlth   ++++                     m - amulet of reflection
HPRegen 0.34/turn                x - ring of fire
MPRegen 0.34/turn                f - ring of Suspicion {MP+9 Int+4}

@: slowed, very slow
A: no striking features
a: Renounce Religion


You were on level 1 of the Elven Halls.
You worshipped Vehumet.
Vehumet was exalted by your worship.
You visited 5 branches of the dungeon, and saw 24 of its levels.
You visited 1 bazaar.
You also visited: Bailey, Gauntlet, Ice Cave and Volcano.

You collected 4165 gold pieces.
You spent 959 gold pieces at shops.

Inventory:

Hand Weapons
 X - a +5 quick blade of venom
Missiles
 S - 5 throwing nets
Armour
 e - the +1 cloak of Death Resistance (worn) {Dex+4 Stlth+}
   (You found it in a Gauntlet)

   Dex:       It affects your dexterity (+4).
   Stlth:     It makes you more stealthy.
 j - the +0 pair of gloves "Leimmu Werur" (worn) {rPois rC- rCorr Int-3}
   (You found it in a Gauntlet)

   Int:       It affects your intelligence (-3).
   rC:        It makes you vulnerable to cold.
   rPois:     It protects you from poison.
   rCorr:     It protects you from acid and corrosion.
 s - the +1 pair of boots of Yvaczukhafeg (worn) {Dex+2}
   (You found it on level 3 of the Lair of Beasts)

   Dex:       It affects your dexterity (+2).
 J - a +2 buckler (worn)
 L - a +2 hat (worn)
 N - +0 steam dragon scales (worn)
Magical Staves
 q - a staff of fire (weapon)
Jewellery
 a - the ring of the Lily {Fly rPois}
   (You bought it in a shop in a bazaar)

   [ring of flight]

   rPois:     It protects you from poison.
   Fly:       It grants you flight.
 f - the ring of Suspicion (right hand) {MP+9 Int+4}
   (You took it off a minotaur in a Gauntlet)

   [ring of magical power]

   Int:       It affects your intelligence (+4).
   MP:        It affects your magic capacity (+9).
 k - the ring of Kauhept {rF+ SInv}
   (You found it in an ice cave)

   [ring of see invisible]

   rF:        It protects you from fire.
   SInv:      It lets you see invisible.
 m - an amulet of reflection (around neck)
 x - a ring of fire (left hand)
Wands
 i - a wand of digging (6)
Scrolls
 b - a scroll of enchant armour
 t - 6 scrolls of blinking
 w - 9 scrolls of teleportation
 A - 2 scrolls of identify
Potions
 c - 2 potions of mutation
 d - 4 potions of magic
 h - 8 potions of heal wounds
 u - 8 potions of curing
Miscellaneous
 g - a box of beasts
 l - a phantom mirror
 n - a condenser vane
 U - a piece from Xom's chessboard (14/15)


   Skills:
 - Level 5.0 Fighting
 - Level 3.0 Short Blades
 + Level 7.6 Armour
 - Level 3.0 Dodging
 - Level 3.0 Stealth
 - Level 6.0 Shields
 * Level 23.2 Spellcasting
 + Level 14.2 Conjurations
 - Level 11.0 Summonings
 - Level 1.1 Translocations
 + Level 13.1 Fire Magic
 - Level 1.0 Ice Magic
 - Level 1.0 Air Magic
 - Level 1.1 Earth Magic
 - Level 1.0 Poison Magic
 - Level 1.1 Evocations


You had 18 spell levels left.
You knew the following spells:

 Your Spells              Type           Power      Damage    Failure   Level
a - Magic Dart            Conj           100%       1d8       0%          1
b - Mephitic Cloud        Conj/Pois/Air  60%        N/A       1%          3
c - Call Imp              Summ           78%        N/A       1%          2
d - Blink                 Tloc           80%        N/A       1%          2
e - Foxfire               Conj/Fire      100%       2x1d9     0%          1
f - Fireball              Conj/Fire      65%        3d25      1%          5
g - Starburst             Conj/Fire      65%        6d17      1%          6
h - Freezing Cloud        Conj/Ice/Air   30%        6-21      1%          5
i - Iron Shot             Conj/Erth      34%        9d7       2%          6
j - Iskenderun's Battles  Conj           86%        2d13      1%          5
k - Orb of Destruction    Conj           43%        9d12      1%          7

Your spell library contained the following spells:

 Spells                   Type           Power      Damage    Failure   Level
 Eringya's Noxious Bog    Tmut/Pois      18%        N/A       36%         6
 Necrotise                Necr           100%       1d9       1%          1
 Slow                     Hex            100%       N/A       1%          1
 Cigotuvi's Dreadful Rot  Necr/Pois/Air  74%        N/A       1%          2
 Poisonous Vapours        Pois/Air       78%        N/A       1%          2
 Hailstorm                Conj/Ice       67%        3d14      1%          3
 Ignite Poison            Fire/Tmut/Pois 95%        N/A       1%          3
 Inner Flame              Hex/Fire       100%       N/A       1%          3
 Kindle Blastsparks       Fire/Tloc/Air  100%       2d18      1%          3
 Summon Guardian Golem    Hex/Summ       60%        N/A       1%          3
 Animate Armour           Summ/Erth      100%       N/A       1%          4
 Spellforged Servitor     Conj/Summ      41%        N/A       1%          7
 Gell's Gravitas          Tloc           40%        N/A       2%          3
 Ozocubu's Armour         Ice            39%        N/A       2%          3
 Teleport Other           Tloc           40%        N/A       2%          3
 Vampiric Draining        Necr           33%        2d8       3%          3
 Ice Form                 Ice/Tmut       36%        N/A       10%         4
 Leda's Liquefaction      Hex/Erth       18%        N/A       10%         4
 Petrify                  Tmut/Erth      37%        N/A       10%         4
 Cause Fear               Hex            16%        N/A       12%         4
 Metabolic Englaciation   Hex/Ice        18%        N/A       26%         5
 Agony                    Necr           33%        N/A       34%         5
 Lehudib's Crystal Spear  Conj/Erth      34%        10d9      61%         8
 Dispersal                Tloc           20%        N/A       75%         6
 Ozocubu's Refrigeration  Ice            19%        4d11      82%         7
 Simulacrum               Ice/Necr       18%        N/A       83%         6
 Statue Form              Tmut/Erth      24%        N/A       83%         6
 Discord                  Hex            16%        N/A       100%        8


Dungeon Overview and Level Annotations

Branches:
Dungeon (15/15)            Temple (1/1) D:6            Lair (5/5) D:8
  Swamp (0/4) Lair:2       Spider (0/4) Lair:3        Slime (0/5) Lair:5
    Orc (2/2) D:9             Elf (1/3) Orc:2        Vaults (0/5) D:13
 Depths (0/4) D:15         Bailey (visited)           IceCv (visited)
Volcano (visited)         Gauntlet (visited)

Altars:
Cheibriados
Dithmenos
Elyvilon
Fedhas
Gozag
Hepliaklqana
Kikubaaqudgha
Makhleb
Okawaru
Qazlal
Ru
Sif Muna
Trog
Uskayaw
Vehumet
Wu Jian
Xom
Yredelemnul
Zin
The Shining One
Jiyva

Shops:
D:1 (*   D:2 [   D:5 (   D:9 ([   Orc:1 *   Orc:2 :*(?   Elf:1 (

Portals:
Pandemonium: Orc:2

Annotations:
Elf:1 6 runed translucent doors


Message History

Casting: Magic Dart (safe; 0% risk of failure)
Confirm with . or Enter, or press ? or * to list all spells.
Aiming: Iron Shot (dangerous; 2% risk of failure)
Press: ? - help, Shift-Dir - straight line, f/p - +2 broad axe of distortion
Aim: a +2 broad axe of distortion (moderately damaged, ally target, 51% to hit)
The iron shot misses the +2 broad axe of distortion.
Your battlesphere fires!
The barrage of energy hits the +2 broad axe of distortion but does no damage.
The +2 broad axe of distortion is moderately damaged.
The +2 broad axe of distortion hits you!
Space warps around you.
The +2 broad axe of distortion hits you.
Space warps around you.
Casting: Iron Shot (dangerous; 2% risk of failure)
Confirm with . or Enter, or press ? or * to list all spells.
Aiming: Iron Shot (dangerous; 2% risk of failure)
Press: ? - help, Shift-Dir - straight line, f/p - +2 broad axe of distortion
Aim: a +2 broad axe of distortion (moderately damaged, ally target, 51% to hit)
The iron shot misses the +2 broad axe of distortion.
Your battlesphere fires!
The barrage of energy hits the +2 broad axe of distortion.
The +2 broad axe of distortion is heavily damaged.
The +2 broad axe of distortion hits you!
Space warps around you!
The +2 broad axe of distortion hits you!
* * * LOW HITPOINT WARNING * * *
Space warps horribly around you!
* * * LOW HITPOINT WARNING * * *
Casting: Iron Shot (dangerous; 2% risk of failure)
Confirm with . or Enter, or press ? or * to list all spells.
Aiming: Iron Shot (dangerous; 2% risk of failure)
Press: ? - help, Shift-Dir - straight line, f/p - +2 broad axe of distortion
Aim: a +2 broad axe of distortion (moderately damaged, ally target, 51% to hit)
The iron shot hits the +2 broad axe of distortion!
The +2 broad axe of distortion is severely damaged.
Your battlesphere fires!
The barrage of energy hits the +2 broad axe of distortion but does no damage.
The +2 broad axe of distortion is severely damaged.
The +2 broad axe of distortion hits you!!
You die...

......##.......)......#
......##.####..######.#
......'..# #..#
.....##### #..# ....##
#..# ...##
##''######+## ####
#............
#.)..(.......
#....@...../.
##...........
##...*...... ####
##......... ...##
########## ....##
.....# ....## ...##


You could see a +2 broad axe of distortion (ally target) and a friendly
battlesphere.

Vanquished Creatures
  A frost giant (D:15)
  A draconian knight (IceCv)
  An orc warlord (Orc:2)
  An ironbound preserver (D:13)
  Azrael (D:14)
  A minotaur (Gauntlet)
  Snorg (D:12)
  5 white draconians (IceCv)
  An ettin (Orc:2)
  3 deep elf high priests (Elf:1)
  Josephine (D:13)
  Erolcha (Orc:2)
  A hell beast (Gauntlet)
  5 centaur warriors
  An ogre mage (D:15)
  4 hydras
  3 demonspawn (Orc:2)
  9 two-headed ogres
  4 dancing weapons (Elf:1)
  2 tengu warriors (D:15)
  5 boulder beetles
  A hell knight (Volcano)
  8 orc high priests (Orc:2)
  Urug (Lair:3)
  2 sun demons (Orc:2)
  5 deep elf knights (Elf:1)
  A salamander mystic (Volcano)
  2 lindwurms
  A bog body (Lair:2)
  2 wizards (Gauntlet)
  7 orc knights
  4 deep elf archers (Elf:1)
  The ghost of kingofthe the Sneak, a novice OpCj of Sif Muna (D:5)
  8 deep elf pyromancers
  7 deep elf zephyrmancers (Elf:1)
  3 salamanders (Volcano)
  6 orc sorcerers
  6 cyclopes
  15 ugly things
  6 black mambas
  A moth of wrath (shapeshifter) (D:15)
  2 ice statues (D:14)
  4 manticores
  21 elephants
  2 centaur zombies (D:10)
  Joseph (D:8)
  10 cane toads
  A gargoyle (D:14)
  3 kobold demonologists
  An efreet (D:15)
  5 komodo dragons
  6 storm dragon simulacra (IceCv)
  An unseen horror zombie (D:10)
  2 unseen horrors
  2 rime drakes
  An ice devil (Orc:2)
  5 golden dragon simulacra (IceCv)
  5 polar bears
  7 trolls
  12 hornets
  8 blink frogs
  Prince Ribbit (D:7)
  A meliai zombie (D:10)
  A jumping spider (shapeshifter) (D:14)
  14 slime creatures
  11 spriggans (Lair:5)
  21 yaks
  10 wraiths
  5 water elementals
  2 wyverns
  A shadow (D:13)
  2 basilisks
  A ynoxinul (Orc:2)
  5 fire elementals
  Grum (D:8)
  A redback (Lair:3)
  2 steam dragons (D:9)
  15 vampire mosquitoes
  Menkaure (D:4)
  A warg (Orc:1)
  7 hell hounds
  A swamp worm (Lair:2)
  15 water moccasins
  An acid dragon (D:11)
  Duvessa (D:7)
  An ice beast (D:7)
  43 orc warriors
  4 black bears
  2 ice dragon simulacra (IceCv)
  5 ogres
  5 boggarts (Lair:5)
  18 centaurs
  29 wolves
  2 phantoms
  7 kobold brigands
  10 gnoll sergeants
  3 scorpions (D:5)
  7 bullfrogs
  A necrophage (D:10)
  2 earth elementals (Elf:1)
  Dowan (D:7)
  10 wights
  8 lindwurm simulacra (IceCv)
  4 killer bees (D:8)
  3 electric eels
  4 howler monkeys
  A human zombie (D:10)
  30 orc priests
  8 hounds
  6 jellies
  7 gnoll boudas
  Jessica (D:2)
  2 iguanas
  20 orc wizards
  12 hell rats
  2 mummies (D:10)
  2 howler monkey zombies (D:10)
  28 gnolls
  7 adders
  4 shadow imps
  A white imp (Gauntlet)
  2 ufetubi
  A worm (D:2)
  2 dart slugs
  86 orcs
  7 ball pythons
  7 endoplasms
  2 giant cockroaches
  13 hobgoblins
  3 jackals (D:1)
  8 quokkas
  6 bats
  5 frilled lizards
  11 goblins
  15 kobolds
  2 rats
  2 bushes
831 creatures vanquished.

Vanquished Creatures (collateral kills)
  A rust devil (Orc:2)
  2 orc wizards
  A gnoll (D:4)
  A worm (D:2)
  2 orcs (D:3)
7 creatures vanquished.

Vanquished Creatures (others)
  A manticore (D:13)
  A shadow (D:13)
  A floating eye (shapeshifter) (Elf:1)
  427 foxfires
  37 fungi
  49 plants
516 creatures vanquished.

Grand Total: 1354 creatures vanquished

Notes
Turn   | Place    | Note
-------+----------+-------------------------------------------
     0 | D:1      | pokeman the Deep Elf Hedge Wizard began the quest for the
                  | Orb.
     0 | D:1      | Reached XP level 1. HP: 10/10 MP: 7/7
   159 | D:1      | Found Otu Huib's General Store.
   322 | D:1      | Reached XP level 2. HP: 15/15 MP: 6/9
   720 | D:1      | Reached skill level 5 in Spellcasting
   823 | D:1      | Bought a scroll of identify for 20 gold pieces
   833 | D:1      | You fall into a shaft and drop 1 floor!
   871 | D:1      | Reached XP level 3. HP: 20/20 MP: 4/11
   875 | D:1      | Learned a level 3 spell: Mephitic Cloud
   878 | D:1      | Learned a level 2 spell: Call Imp
   881 | D:1      | Learned a level 2 spell: Blink
  1223 | D:1      | Found Deqih's Weapon Emporium.
  1429 | D:2      | Reached skill level 1 in Fighting
  1560 | D:2      | Reached skill level 1 in Armour
  1805 | D:2      | Reached XP level 4. HP: 25/25 MP: 8/13
  2024 | D:2      | Found Urunyell's Armour Boutique.
  2051 | D:2      | Noticed Jessica
  2059 | D:2      | Killed Jessica
  2509 | D:3      | Reached skill level 6 in Spellcasting
  2509 | D:3      | Reached XP level 5. HP: 29/29 MP: 11/15
  2887 | D:3      | Found a white marble altar of Elyvilon.
  3871 | D:4      | Reached skill level 1 in Poison Magic
  3978 | D:4      | Reached skill level 1 in Air Magic
  3987 | D:4      | Reached XP level 6. HP: 16/34 MP: 0/17
  4175 | D:4      | Reached skill level 7 in Spellcasting
  4193 | D:4      | HP: 1/34 [gnoll/+0 spear[a gnoll bouda] (3)]
  4372 | D:4      | Noticed Menkaure
  4390 | D:4      | Killed Menkaure
  4391 | D:4      | Reached XP level 7. HP: 21/39 MP: 10/20
  4645 | D:5      | Entered Level 5 of the Dungeon
  4679 | D:5      | Reached skill level 8 in Spellcasting
  5020 | D:5      | Reached XP level 8. HP: 33/44 MP: 14/22
  5079 | D:5      | Reached skill level 9 in Spellcasting
  5098 | D:5      | Noticed a two-headed ogre
  5709 | D:5      | Killed a two-headed ogre
  5710 | D:5      | Reached skill level 10 in Spellcasting
  5710 | D:5      | Reached skill level 5 in Conjurations
  5939 | D:5      | Found a glowing silver altar of Zin.
  5939 | D:5      | Noticed an angel
  6080 | D:5      | Found Murec's Weapon Emporium.
  6214 | D:5      | Found a runed translucent door.
  6222 | D:5      | Noticed kingofthe's ghost (novice OpCj)
  6415 | D:6      | Learned a level 1 spell: Foxfire
  6421 | D:6      | Learned a level 5 spell: Fireball
  6502 | D:6      | Found a staircase to the Ecumenical Temple.
  6514 | Temple   | Entered the Ecumenical Temple
  6522 | Temple   | Became a worshipper of Vehumet
  6891 | D:6      | Got the Quarto of the Tektite
  7039 | D:7      | Noticed Prince Ribbit
  7039 | D:7      | Noticed Dowan
  7040 | D:7      | Noticed Duvessa
  7044 | D:7      | Killed Prince Ribbit
  7045 | D:7      | Reached skill level 5 in Summonings
  7045 | D:7      | Reached XP level 9. HP: 48/48 MP: 17/25
  7050 | D:7      | Killed Dowan
  7051 | D:7      | Reached skill level 1 in Fire Magic
  7067 | D:7      | Reached skill level 1 in Evocations
  7068 | D:7      | Killed Duvessa
  7069 | D:7      | Reached skill level 1 in Shields
  7271 | D:7      | Reached skill level 11 in Spellcasting
  7979 | D:8      | Noticed Grum
  8002 | D:8      | Killed Grum
  8156 | D:8      | Reached * piety under Vehumet
  8156 | D:8      | Offered knowledge of Sandblast by Vehumet.
  8359 | D:8      | Noticed Joseph
  8383 | D:8      | Killed Joseph
  8384 | D:8      | Reached skill level 12 in Spellcasting
  8468 | D:8      | Found a staircase to the Lair.
  8497 | D:8      | Reached XP level 10. HP: 54/54 MP: 23/28
  8541 | D:8      | Found a shimmering altar of Xom.
  9294 | D:9      | Identified the +5 flail "Ywebub" {flame, *Noise rC++ Will+
                  | SInv}
  9529 | D:9      | Identified the +1 flail of Resourcefulness {vamp, rF+
                  | Str+4}
  9958 | D:9      | Found Yguor's Weapon Boutique.
  9979 | D:9      | Reached skill level 13 in Spellcasting
  9979 | D:9      | Reached ** piety under Vehumet
  9979 | D:9      | Offered knowledge of Searing Ray by Vehumet.
 10120 | D:9      | Found a staircase to the Orcish Mines.
 10123 | D:9      | Found Qiumn's Armour Boutique.
 10131 | D:9      | Found a blossoming altar of Fedhas.
 10576 | D:10     | Entered Level 10 of the Dungeon
 10623 | D:10     | Found an opulent altar of Gozag.
 10689 | D:10     | Noticed a two-headed ogre
 10703 | D:10     | Killed a two-headed ogre
 10704 | D:10     | Reached skill level 5 in Fire Magic
 10843 | D:10     | Found a flagged portal.
 10889 | Bailey   | Entered a bailey
 10917 | Bailey   | Offered knowledge of Dazzling Flash by Vehumet.
 11063 | Bailey   | Reached XP level 11. HP: 58/60 MP: 26/30
 11084 | Bailey   | Reached skill level 14 in Spellcasting
 11165 | Bailey   | Identified the +6 sling of Subjectivity {drain, rF+ Dex+7}
 11174 | Bailey   | Reached *** piety under Vehumet
 11820 | D:9      | Bought a +3 quick blade of venom for 455 gold pieces
 12152 | D:10     | Reached skill level 1 in Short Blades
 12380 | D:10     | Found a basalt altar of Yredelemnul.
 12781 | D:5      | Killed kingofthe's ghost
 12781 | D:5      | Offered knowledge of Sticky Flame by Vehumet.
 13230 | D:11     | Identified the +0 robe "Venotz" {+Inv rN+ Regen+ Str-4
                  | Int+3}
 13540 | D:11     | Noticed a boulder beetle
 13554 | D:11     | Killed a boulder beetle
 13555 | D:11     | Reached skill level 15 in Spellcasting
 13830 | D:11     | Noticed a two-headed ogre
 13841 | D:11     | Killed a two-headed ogre
 14285 | D:12     | Noticed a boulder beetle
 14395 | D:12     | Killed a boulder beetle
 14486 | D:12     | Noticed a boulder beetle
 14496 | D:12     | Killed a boulder beetle
 14497 | D:12     | Reached XP level 12. HP: 67/67 MP: 16/33
 14586 | D:12     | Learned a level 6 spell: Starburst
 14708 | D:12     | Reached **** piety under Vehumet
 15010 | D:12     | Offered knowledge of Iskenderun's Battlesphere by Vehumet.
 15018 | D:12     | Learned a level 5 spell: Iskenderun's Battlesphere
 15060 | D:12     | Identified the +1 falchion of the Endless Spines {holy,
                  | Drain rElec Str+3 Dex+4}
 15070 | D:12     | Noticed Snorg
 15075 | D:12     | Killed Snorg
 15185 | D:12     | Reached skill level 5 in Fighting
 15188 | D:12     | Reached skill level 16 in Spellcasting
 15319 | D:13     | Noticed a two-headed ogre
 15319 | D:13     | Noticed a centaur warrior
 15323 | D:13     | Noticed a four-headed hydra
 15324 | D:13     | Killed a two-headed ogre
 15324 | D:13     | Killed a centaur warrior
 15481 | D:13     | Noticed a four-headed hydra
 15483 | D:13     | Killed a four-headed hydra
 15512 | D:13     | Noticed a centaur warrior
 15515 | D:13     | Killed a centaur warrior
 15517 | D:13     | Noticed a two-headed ogre
 15669 | D:13     | Killed a four-headed hydra
 15689 | D:13     | Killed a two-headed ogre
 15690 | D:13     | Reached skill level 10 in Conjurations
 15863 | D:13     | Noticed a centaur warrior
 15868 | D:13     | Killed a centaur warrior
 15875 | D:13     | Noticed Josephine
 15880 | D:13     | Reached skill level 17 in Spellcasting
 15881 | D:13     | Killed Josephine
 16048 | D:13     | Noticed a boulder beetle
 16050 | D:13     | Found a gate to the Vaults.
 16050 | D:13     | Noticed a two-headed ogre
 16050 | D:13     | Noticed an ironbound preserver
 16063 | D:13     | Noticed a centaur warrior
 16065 | D:13     | Killed a boulder beetle
 16455 | D:13     | Noticed a centaur warrior
 16460 | D:13     | Killed a centaur warrior
 16461 | D:13     | Reached XP level 13. HP: 72/72 MP: 23/36
 17048 | D:13     | Killed an ironbound preserver
 17049 | D:13     | Reached skill level 10 in Summonings
 17477 | D:14     | Reached ***** piety under Vehumet
 17477 | D:14     | Offered knowledge of Arcjolt by Vehumet.
 17494 | D:14     | Reached skill level 5 in Armour
 17588 | D:14     | Found a frozen archway.
 17603 | IceCv    | Entered an ice cave
 17666 | IceCv    | Noticed a white draconian
 17671 | IceCv    | Killed a white draconian
 17671 | IceCv    | Noticed a white draconian
 17673 | IceCv    | Reached skill level 18 in Spellcasting
 17676 | IceCv    | Killed a white draconian
 17968 | IceCv    | Noticed a white draconian
 17971 | IceCv    | Found the macabre finger necklace {Finger+ rN+}
 17975 | IceCv    | Killed a white draconian
 18482 | IceCv    | Noticed a white draconian
 18482 | IceCv    | Noticed a white draconian knight
 18482 | IceCv    | Noticed a white draconian
 18490 | IceCv    | Killed a white draconian
 18491 | IceCv    | Killed a white draconian
 18492 | IceCv    | Killed a white draconian knight
 18591 | IceCv    | Identified the ring of Kauhept {rF+ SInv}
 19171 | D:14     | Learned a level 5 spell: Freezing Cloud
 19182 | D:14     | Reached XP level 14. HP: 78/78 MP: 32/38
 19515 | D:14     | Offered knowledge of Ozocubu's Refrigeration by Vehumet.
 19519 | D:14     | Reached skill level 1 in Ice Magic
 19520 | D:14     | Reached skill level 19 in Spellcasting
 20107 | D:14     | Noticed Azrael
 20114 | D:14     | Killed Azrael
 20115 | D:14     | Reached skill level 10 in Fire Magic
 20300 | D:15     | Entered Level 15 of the Dungeon
 20892 | D:15     | Noticed a frost giant
 20897 | D:15     | Killed a frost giant
 21398 | D:15     | Found a staircase to the Depths.
 21804 | Lair:1   | Entered Level 1 of the Lair of Beasts
 21861 | Lair:1   | Found a gate leading to a gauntlet.
 21868 | Gauntlet | Entered a Gauntlet
 21868 | Gauntlet | Found a transporter.
 21868 | Gauntlet | Found a transporter.
 21874 | Gauntlet | Found a transporter.
 21883 | Gauntlet | Found a transporter.
 21890 | Gauntlet | Found a transporter.
 21896 | Gauntlet | Found a transporter.
 21903 | Gauntlet | Found a transporter.
 21940 | Gauntlet | Found a transporter.
 21965 | Gauntlet | Found a transporter.
 22011 | Gauntlet | Found a transporter.
 22013 | Gauntlet | Found a transporter.
 22024 | Gauntlet | Found a transporter.
 22083 | Gauntlet | Offered knowledge of Conjure Ball Lightning by Vehumet.
 22084 | Gauntlet | Reached skill level 5 in Shields
 22084 | Gauntlet | Reached skill level 20 in Spellcasting
 22257 | Gauntlet | Identified the +1 cloak of Death Resistance {Dex+4 Stlth+}
 22356 | Gauntlet | Identified the +5 chain mail of Autotheism {rPois rN+ Will+
                  | Stlth+}
 22356 | Gauntlet | Identified the ring of Suspicion {MP+9 Int+4}
 22365 | Gauntlet | Identified the +0 pair of gloves "Leimmu Werur" {rPois rC-
                  | rCorr Int-3}
 24588 | Lair:2   | Found a staircase to the Swamp.
 24592 | Lair:2   | Identified the +1 robe of Wu Jian's Supremacy {Harm rF- rC+
                  | Dex+3}
 24785 | Lair:3   | Noticed Urug
 24790 | Lair:3   | Killed Urug
 24791 | Lair:3   | Reached XP level 15. HP: 82/82 MP: 5/41
 25649 | Lair:3   | Identified the +1 pair of boots of Yvaczukhafeg {Dex+2}
 25673 | Lair:3   | Reached skill level 21 in Spellcasting
 25846 | Lair:3   | Found a hole to the Spider Nest.
 26211 | Lair:4   | Found a dark tunnel.
 26221 | Volcano  | Entered a volcano
 26577 | Lair:4   | Offered knowledge of Irradiate by Vehumet.
 27323 | Lair:5   | Entered Level 5 of the Lair of Beasts
 28337 | Lair:5   | Found a staircase to the Slime Pits.
 28338 | Lair:5   | Found a viscous altar of Jiyva.
 28407 | Lair:5   | Found a burning altar of Makhleb.
 29022 | Orc:1    | Entered Level 1 of the Orcish Mines
 29073 | Orc:1    | Offered knowledge of Iron Shot by Vehumet.
 29082 | Orc:1    | Learned a level 6 spell: Iron Shot
 29181 | Orc:1    | Found an iron altar of Okawaru.
 29659 | Orc:1    | Found Uhoint's Assorted Antiques.
 30020 | Orc:2    | Entered Level 2 of the Orcish Mines
 30076 | Orc:2    | Noticed Erolcha
 30124 | Orc:2    | Killed Erolcha
 30125 | Orc:2    | Reached skill level 22 in Spellcasting
 30334 | Orc:2    | Found Ivumme's Magic Scroll Emporium.
 30383 | Orc:2    | Found Miuxa's General Store.
 30622 | Orc:2    | Reached XP level 16. HP: 83/87 MP: 24/44
 30727 | Orc:2    | Found Pisso's Antique Weapon Boutique.
 30727 | Orc:2    | Found Soheitti's Book Shop.
 30727 | Orc:2    | Found a one-way gate leading to the halls of Pandemonium.
 30781 | Orc:2    | Found a flickering gateway to a bazaar.
 30796 | Bazaar   | Entered a bazaar
 30796 | Bazaar   | Found Eraumo's General Store.
 30796 | Bazaar   | Found Qutampuhet's Antique Weapon Shoppe.
 30796 | Bazaar   | Found Ywikhyto's Jewellery Shoppe.
 30796 | Bazaar   | Found Gischosace's Antique Weapon Emporium.
 30923 | Bazaar   | Bought a potion of heal wounds for 50 gold pieces
 30923 | Bazaar   | Bought a potion of magic for 80 gold pieces
 30933 | Bazaar   | Bought the ring of the Lily {Fly rPois} for 315 gold pieces
 31052 | Orc:2    | Found a staircase to the Elven Halls.
 31187 | Orc:2    | Bought a scroll of teleportation for 39 gold pieces
 31548 | Orc:2    | Learned a level 7 spell: Orb of Destruction
 31574 | Elf:1    | Entered Level 1 of the Elven Halls
 31581 | Elf:1    | Reached skill level 1 in Earth Magic
 31660 | Elf:1    | Reached ****** piety under Vehumet
 31863 | Elf:1    | Found Zawyk's Antique Weapon Shop.
 31873 | Elf:1    | Offered knowledge of Eringya's Noxious Bog by Vehumet.
 31932 | Elf:1    | Reached skill level 23 in Spellcasting
 32295 | Elf:1    | Found a runed translucent gate.
 32295 | Elf:1    | Found a runed translucent gate.
 32295 | Elf:1    | Found a runed translucent gate.
 32295 | Elf:1    | Found a runed translucent gate.
 32295 | Elf:1    | Found a runed translucent gate.
 32296 | Elf:1    | Found a runed translucent gate.
 32508 | Elf:1    | HP: 2/87 [+2 broad axe of distortion (17)]
 32509 | Elf:1    | Annihilated by a +2 broad axe of distortion

Illustrated notes

Levels and vault maps discovered:
D:1:      dpeg_arrival_ternary, layout_basic, serial_shops,
          nicolae_shop_competitors_out_of_business,
          nicolae_shop_bloodbath_and_beyond
D:2:      layout_basic, serial_shops, nicolae_shop_hallway_plus, uniq_jessica
D:3:      layout_loops_ring, nicolae_elyvilon_peaceful_grove,
          guppyfry_early_orc_mine
D:4:      layout_basic, uniq_menkaure
D:5:      minmay_chambers_of_fours, layout_basic, zin_angel,
          ebering_ghost_sewer_d, serial_shops, nicolae_shop_crystal,
          amcnicky_mini_corridor_feature
D:6:      layout_loops_ring, minmay_temple_entry_glass, minmay_fountain_box
D:7:      layout_basic, minmay_misc_feat_more_columns, uniq_duvessa,
          uniq_prince_ribbit1
D:8:      layout_basic, mainiacjoe_overflow_six_doors_small, lair_entry_dummy,
          uniq_joseph, uniq_grum
D:9:      layout_basic, fedhas_altar_3, orc_david_3
D:10:     layout_long_grid, mainiacjoe_overflow_small_starburst,
          lemuel_mausoleum_altar_yredelemnul, enter_bailey_7
D:11:     layout_irregular_city
D:12:     layout_roguey, uniq_snorg
D:13:     layout_long_grid, skrybe_vaults_entry_preservation, uniq_josephine
D:14:     nicolae_cairo_tiling, layout_cave_pods, hex_medium,
          portal_ice_cave_entry_ice_statue_two, nicolae_underground_beach,
          uniq_azrael
D:15:     grunt_enter_depths_snipers, layout_irregular_city
Temple:   nicolae_temple_x_marks_the_god
Lair:1:   layout_hall_layers, gauntlet_entry_generic, infiniplex_staircase_pool
Lair:2:   layout_gridlike, nicolae_swamp_entry_splash_gauntlet,
          dreamdust_wasp_nest, grunt_megastairs_3
Lair:3:   layout_layer_cave, spider_nest_entry_a, uniq_urug
Lair:4:   layout_loops_ring, nicolae_volcano_entry_lava_flow, grunt_megastairs_5
Lair:5:   minmay_lair_end_enchanted_forest, layout_regular_city,
          nicolae_slime_entry_slimehenge, basic_altar,
          nicolae_quartered_pool_super
Orc:1:    minmay_goldmine, layout_diamond_mine, serial_shops,
          nicolae_shop_trees, david_defended_altar_orc
Orc:2:    pf_orc_diabolical, layout_diamond_mine, serial_shops, bzr_entry_islet,
          nicolae_orc_crystal_geode, uniq_erolcha
Elf:1:    layout_gridlike, serial_shops, nicolae_shop_stone, orc_legates

Skill      XL: |  1  2  3  4  5  6  7  8  9 10 11 12 13 14 15 16 |
---------------+-------------------------------------------------+-----
Spellcasting   | 5 6 7 8 10 12 13 15 17 18 20 22 23 | 23.2
Fighting       | 1 2 3 4 5 |  5.0
Armour         | 1 2 3 4 5 6 7 |  7.6
Conjurations   | 2 3 4 5 6 8 9 10 11 12 13 14 | 14.2
Stealth        | 3 |  3.0
Dodging        | 3 |  3.0
Poison Magic   | 1 |  1.0
Air Magic      | 1 |  1.0
Summonings     | 2 3 5 6 7 8 9 10 11 | 11.0
Fire Magic     | 3 5 6 8 9 11 12 13 | 13.1
Evocations     | 1 |  1.1
Shields        | 2 3 5 6 |  6.0
Short Blades   | 3 |  3.0
Ice Magic      | 1 |  1.0
Earth Magic    | 1 |  1.1
Translocations | |  1.1

Action                     |  1- 3 |  4- 6 |  7- 9 | 10-12 | 13-15 | 16-18 || total
---------------------------+-------+-------+-------+-------+-------+-------++-------
  Melee: Dagger            |    23 |    40 |    97 |     8 |       |       ||   168
         Punch             |       |     2 |     2 |       |       |       ||     4
         Flail             |       |       |       |    51 |       |       ||    51
         Quick blade       |       |       |       |    71 |    63 |       ||   134
         Staff             |       |       |       |       |    27 |    17 ||    44
   Cast: Magic Dart        |   108 |   123 |    47 |     6 |    22 |    39 ||   345
         Call Imp          |     2 |     6 |    18 |     4 |     2 |     1 ||    33
         Mephitic Cloud    |       |     8 |    34 |    61 |    13 |       ||   116
         Blink             |       |     1 |     2 |     1 |     1 |     1 ||     6
         Foxfire           |       |       |   110 |   124 |       |       ||   234
         Fireball          |       |       |       |   140 |   390 |    55 ||   585
         Starburst         |       |       |       |    21 |    28 |     6 ||    55
         Iskenderun's Batt |       |       |       |       |     7 |     6 ||    13
         Freezing Cloud    |       |       |       |       |    22 |     2 ||    24
         Iron Shot         |       |       |       |       |     9 |     9 ||    18
  Evoke: Wand              |       |       |       |     2 |       |       ||     2
         Piece from Xom's  |       |       |       |       |     2 |     3 ||     5
         Box of beasts     |       |       |       |       |     1 |       ||     1
    Use: Potion            |     1 |       |       |       |     1 |     1 ||     3
         Scroll            |       |       |    11 |     2 |    16 |       ||    29
   Stab: Confused          |       |     2 |     8 |    11 |    10 |       ||    31
         Sleeping          |       |       |       |     1 |       |       ||     1
 Armour: Robe              |    13 |    13 |    32 |     4 |       |       ||    62
         Steam dragon scal |       |       |       |    49 |    27 |     8 ||    84
  Dodge: Dodged            |    25 |    31 |    63 |   102 |    88 |    20 ||   329
  Block: Other             |       |    16 |    22 |    42 |    12 |       ||    92
         Reflection        |       |       |       |     8 |     9 |     1 ||    18
         Buckler           |       |       |       |       |    64 |    47 ||   111

Table legend: (Time is in decaauts)
 A = Elapsed time spent in this place.
 B = Non-inter-level travel time spent in this place.
 C = Inter-level travel time spent in this place.
 D = Time resting spent in this place.
 E = Time spent auto-exploring this place.
 F = Levels seen in this place.
 G = Mean time per level.
                   A        B        C        D        E       F      G
               +--------+--------+--------+--------+--------+-----+--------+
         Total |  32514 |  30749 |   1765 |   3578 |  20924 |  29 | 1121.2 |
       Dungeon |  19981 |  18547 |   1434 |   1887 |  13595 |  15 | 1332.1 |
        Temple |    169 |    154 |     15 |      0 |      0 |   1 |  169.0 |
          Lair |   6202 |   5929 |    273 |    333 |   4809 |   5 | 1240.4 |
  Orcish Mines |   2411 |   2370 |     41 |    169 |   1422 |   2 | 1205.5 |
   Elven Halls |    943 |    943 |      0 |    116 |    663 |   1 |  943.0 |
        Bazaar |    144 |    144 |      0 |    105 |      8 |   1 |  144.0 |
        Bailey |    691 |    691 |      0 |    153 |    176 |   1 |  691.0 |
      Ice Cave |   1103 |   1103 |      0 |    601 |    156 |   1 | 1103.0 |
       Volcano |    323 |    323 |      0 |    113 |     58 |   1 |  323.0 |
      Gauntlet |    542 |    542 |      0 |    101 |     36 |   1 |  542.0 |
               +--------+--------+--------+--------+--------+-----+--------+

Top non-repeatable levels by time:
    D:14: 1734 daAuts
    D:12: 1577 daAuts
    D:13: 1566 daAuts
     D:5: 1555 daAuts
     D:9: 1483 daAuts
    D:10: 1457 daAuts
  Lair:5: 1447 daAuts
   Orc:2: 1412 daAuts
    D:11: 1331 daAuts
  Lair:2: 1329 daAuts
     D:1: 1324 daAuts
  Lair:3: 1318 daAuts
    D:15: 1288 daAuts
     D:3: 1286 daAuts
     D:8: 1278 daAuts
